 Dungeon Crawl Stone Soup version 0.24-a0-618-ge4662a2 (webtiles) character file.

Game seed: 13853638961887616681, levelgen mode: deterministic

25598 BoppinsLewinski the Impaler (level 13, 0/104 HPs)
             Began as a Merfolk Fighter on Sept 16, 2019.
             Was the Champion of Okawaru.
             Slain by a four-headed hydra (2 damage)
             ... while petrified by a basilisk
             ... on level 6 of the Lair of Beasts.
             The game lasted 00:46:57 (13188 turns).

BoppinsLewinski the Impaler (Merfolk Fighter)      Turns: 13188, Time: 00:46:57

Health: 0/104      AC: 21    Str: 23    XL:     13   Next: 20%
Magic:  18/18      EV:  2    Int:  7    God:    Okawaru [******]
Gold:   923        SH:  0    Dex: 18    Spells: 12/12 levels left

rFire    . . .     SeeInvis .   a - +5 halberd (elec)
rCold    . . .     Gourm    .   (shield currently unavailable)
rNeg     + + +     Faith    .   L - +0 plate armour
rPois    ∞         Spirit   .   y - +2 hat
rElec    .         Reflect  .   K - +0 cloak
rCorr    .         Harm     .   I - +1 pair of gloves {Str+3}
MR       .....                  B - +1 pair of boots
Stlth    ..........             j - amulet of regeneration
HPRegen  0.67/turn              C - ring of poison resistance
MPRegen  0.16/turn              A - +3 ring of dexterity

@: petrified
A: change form in water, swift swim, stealthy swim
a: Heroism, Finesse, Renounce Religion


You were on level 6 of the Lair of Beasts.
You worshipped Okawaru.
Okawaru was exalted by your worship.
You were not hungry.

You visited 2 branches of the dungeon, and saw 15 of its levels.
You also visited: Sewer, Ossuary and Bailey.

You collected 923 gold pieces.

Inventory:

Hand Weapons
 a - a +5 halberd of electrocution (weapon)
 H - a +5 spear
 Q - a +0 glaive
Armour
 b - a +1 scale mail
 c - a +0 shield
 q - a +0 pair of boots
 y - a +2 hat (worn)
 B - a +1 pair of boots (worn)
 E - +0 ice dragon scales
 I - a +1 pair of gloves of strength (worn)
 K - a +0 cloak (worn)
 L - a +0 plate armour (worn)
 R - a +0 chain mail of poison resistance
 T - a +2 hat
Jewellery
 j - an amulet of regeneration (around neck)
 m - an uncursed ring of see invisible
 A - a +3 ring of dexterity (right hand)
 C - a ring of poison resistance (left hand)
 D - an uncursed amulet of guardian spirit
 O - a cursed ring of positive energy
Wands
 N - a wand of digging (4)
Scrolls
 d - 3 scrolls of fog
 e - 7 scrolls of blinking
 h - 3 scrolls of teleportation
 i - 3 scrolls of enchant weapon
 k - 2 scrolls of enchant armour
 l - 7 scrolls of remove curse
 o - 3 scrolls of amnesia
 p - 3 scrolls of fear
 r - a scroll of brand weapon
 u - 2 scrolls of acquirement {unknown}
Potions
 g - 9 potions of mutation
 n - 7 potions of curing
 s - 4 potions of cancellation
 t - 7 potions of brilliance
 w - 12 potions of heal wounds
 x - a potion of berserk rage
 z - a potion of ambrosia
 F - 2 potions of degeneration
 G - 2 potions of magic
Miscellaneous
 M - a lightning rod (3/4)
Comestibles
 f - 21 rations
 v - 4 chunks of flesh


   Skills:
 + Level 10.4 Fighting
 * Level 16.8 Polearms
 + Level 7.3 Armour
 + Level 11.4 Dodging
 - Level 3.0 Shields
 + Level 7.2 Invocations
 + Level 6.7 Evocations


You had 12 spell levels left.
You didn't know any spells.
Your spell library contained the following spells:

 Spells                   Type           Power        Failure   Level  Hunger
 Shock                    Conj/Air       #...         100%        1    ##.....
 Swiftness                Chrm/Air       #.......     100%        2    ###....
 Static Discharge         Conj/Air       #.......     100%        3    ####...
 Airstrike                Air            #.........   100%        4    #####..
 Lightning Bolt           Conj/Air       #.........   100%        5    ######.


Dungeon Overview and Level Annotations

Branches:
Dungeon (10/15)            Temple (0/1) D:6            Lair (4/6) D:10
 Shoals (0/4) Lair:2          Orc (0/2) D:9           Sewer (visited)
Ossuary (visited)          Bailey (visited)
  Snake: Lair:2-4    Spider: Lair:2-4

Altars:
Ashenzari
Dithmenos
Fedhas
Gozag
Hepliaklqana
Makhleb
Okawaru
Qazlal
Ru
Sif Muna
Trog
Wu Jian
Xom
Zin
The Shining One

Shops:
D:4 %   D:6 (

Annotations:
Lair:2 exclusion: oklob plant
Lair:3 exclusions: downstairs and 2 oklob plants
Lair:4 1 transporter


Message History

Tha eight-headed hydra bites ye but does nay damage.
Tha water moccasin bites ye but does nay damage.
Tha four-headed hydra barely misses ye.
Tha four-headed hydra bites ye but does nay damage. x2
Tha four-headed hydra bites ye!
* * * LOW HITPOINT WARNIN'
* * * Tha spiny frog stin's ye but does nay damage.
Tha water moccasin bites ye but does nay damage.
Tha eight-headed hydra bites ye!
* * * LOW HITPOINT WARNIN'
* * * Tha eight-headed hydra bites ye but does nay damage. x2
Tha eight-headed hydra bites ye!
* * * LOW HITPOINT WARNIN'
* * * Tha eight-headed hydra bites ye but does nay damage.
Tha eight-headed hydra bites ye. x2
* * * LOW HITPOINT WARNIN'
* * * Tha eight-headed hydra bites ye!
* * * LOW HITPOINT WARNIN'
* * * Tha four-headed hydra bites ye.
Ye die...

,,,,,,*,*,,,,,,,,,,,,,,** *,,,*,
***,,,,*,.:...**,..#...* **,,*,
**,,,,**,..^..,*......### ******,
**,,,***,.....##........#**,****,
,,,,,,**,....#..#.......#*,,,,,*,
,,,,,***,.......[.......#*,,,,,**
,,,,,****........Y......**,....#*
,,,,,,**,........SS..#****,....#.
,*,,,,,**.......@FY.## *#......
,,,,,,,,,......#DDkY.######...#.#
,,,,,,*,,####.*##Fh...##....#....
,,,,,*******#.###SY.P#.##..#...#,
,,,,,* *,.....l...........#***
,,,,** *,..%..........Y...####
,,,,* *...D.##..###.P........
,,*,** **#........##.#.........
,,,,,* *,.........###.##...#.#.


You could see an eight-headed hydra, a four-headed hydra, 4 yaks, 2 spiny frogs,
a basilisk, a rime drake, 3 water moccasins and a wolf.

Vanquished Creatures
  Gastronok (Lair:3)
  Fannar (D:10)
  A catoblepas (Lair:3)
  A two-headed ogre (D:9)
  An unseen horror (D:10)
  An orc knight (Bailey)
  Pikel (D:5)
  A salamander (Lair:1)
  2 ugly things
  4 oklob plants (Lair:3)
  Maurice (D:8)
  4 spiny frogs
  5 rime drakes
  3 komodo dragons
  A troll (D:10)
  8 blink frogs (Lair:3)
  2 hippogriffs
  Sigmund (D:2)
  11 yaks
  A wraith (D:10)
  4 wyverns
  A basilisk (Lair:1)
  8 steam dragons
  7 water moccasins
  8 porcupines
  5 ice beasts
  A hornet zombie (D:10)
  3 sky beasts
  An eye of draining (D:7)
  A slave (D:5)
  3 phantoms
  11 wolves
  7 ogres
  A necrophage (D:10)
  5 centaurs
  5 crocodiles
  4 big kobolds
  Blork the orc (D:6)
  10 bullfrogs
  2 gnoll sergeants
  A wyvern skeleton (D:6)
  A scorpion (D:9)
  3 killer bees
  3 electric eels
  4 wights (D:8)
  A howler monkey (D:10)
  4 crimson imps
  2 bullfrog zombies (D:8)
  2 quasits
  4 orc priests
  4 jellies
  8 hounds
  12 orc wizards
  4 iguanas
  Natasha (thrice) (D:2)
  2 worker ants
  2 killer bee zombies (D:6)
  A big kobold zombie (Ossuary)
  4 mummies (Ossuary)
  2 worker ant zombies
  29 gnolls
  12 adders
  6 shadow imps
  An ooze (D:4)
  3 adder zombies
  An adder skeleton (D:5)
  4 worms (D:5)
  A dart slug (D:1)
  7 leopard geckos
  23 orcs
  12 bats
  7 giant cockroaches
  2 gnoll zombies (Ossuary)
  7 goblins
  15 hobgoblins
  5 jackals
  A quokka (D:3)
  3 ball pythons
  5 frilled lizards
  2 goblin zombies (Ossuary)
  2 hobgoblin zombies (Ossuary)
  33 kobolds
  A kobold zombie (Ossuary)
  An orc zombie (Ossuary)
  2 quokka skeletons
  A quokka zombie (D:5)
  8 rats
  2 rat zombies (Ossuary)
402 creatures vanquished.

Vanquished Creatures (others)
  A crimson imp (D:5)
  2 gnolls (D:10)
  A leopard gecko (D:6)
  3 fungi
  10 plants (Lair:3)
17 creatures vanquished.

Grand Total: 419 creatures vanquished

Notes
Turn   | Place    | Note
-------+----------+-------------------------------------------
     0 | D:1      | BoppinsLewinski the Merfolk Fighter began the quest for the
                  | Orb.
     0 | D:1      | Reached XP level 1. HP: 18/18 MP: 1/1
    54 | D:1      | Reached XP level 2. HP: 17/24 MP: 2/2
    88 | D:1      | Reached skill level 1 in Dodging
   396 | D:1      | Reached XP level 3. HP: 29/29 MP: 3/3
   494 | D:2      | Reached skill level 4 in Polearms
   980 | D:2      | Found a hazy altar of Hepliaklqana.
  1006 | D:2      | Reached XP level 4. HP: 27/37 MP: 4/4
  1294 | D:2      | Noticed Sigmund
  1334 | D:2      | Killed Sigmund
  1334 | D:2      | Reached skill level 5 in Polearms
  1334 | D:2      | Reached XP level 5. HP: 9/42 MP: 5/5
  1643 | D:2      | Found a stormy altar of Qazlal.
  1643 | D:2      | Noticed Natasha
  1651 | D:2      | Killed Natasha
  1651 | D:2      | Reached skill level 6 in Polearms
  1651 | D:2      | Reached XP level 6. HP: 43/49 MP: 6/6
  1652 | D:2      | Found a shattered altar of Ashenzari.
  1669 | D:2      | Noticed Natasha
  1677 | D:2      | Killed Natasha
  1830 | D:2      | Noticed Natasha
  1846 | D:2      | Killed Natasha
  2494 | D:3      | Found a glowing silver altar of Zin.
  2580 | D:4      | Reached skill level 7 in Polearms
  2580 | D:4      | Reached XP level 7. HP: 24/55 MP: 7/7
  2893 | D:4      | Found a sand-covered staircase.
  2946 | Ossuary  | Entered an ossuary
  3166 | Ossuary  | Reached skill level 5 in Fighting
  3631 | D:4      | Found Sustec's Food Shop.
  3774 | D:4      | Reached skill level 8 in Polearms
  4092 | D:5      | Entered Level 5 of the Dungeon
  4117 | D:5      | Found a shimmering altar of Xom.
  4122 | D:5      | Reached XP level 8. HP: 62/63 MP: 8/8
  4153 | D:5      | Reached skill level 5 in Dodging
  4328 | D:5      | Found an iron altar of Okawaru.
  4336 | D:5      | Became a worshipper of Warmaster Okawaru
  4357 | D:5      | Reached skill level 9 in Polearms
  4436 | D:5      | Reached * piety under Okawaru
  4546 | D:5      | Noticed Pikel
  4558 | D:5      | Killed Pikel
  4558 | D:5      | Reached ** piety under Okawaru
  4558 | D:5      | Reached skill level 10 in Polearms
  4558 | D:5      | Reached XP level 9. HP: 67/71 MP: 9/9
  4590 | D:5      | Found a glowing drain.
  4599 | Sewer    | Entered a sewer
  5194 | D:6      | Found a staircase to the Ecumenical Temple.
  5205 | D:6      | Reached skill level 11 in Polearms
  5221 | D:6      | Noticed Blork the orc
  5231 | D:6      | Killed Blork the orc
  5250 | D:6      | Found Mesiukh's Antique Weapon Shop.
  5697 | D:6      | Reached *** piety under Okawaru
  5776 | D:6      | Reached skill level 5 in Armour
  5904 | D:7      | Reached skill level 12 in Polearms
  6165 | D:7      | Found an opulent altar of Gozag.
  6194 | D:7      | Noticed a brown ugly thing
  6206 | D:7      | Killed a brown ugly thing
  6206 | D:7      | Reached skill level 1 in Invocations
  6206 | D:7      | Reached skill level 1 in Evocations
  6206 | D:7      | Reached XP level 10. HP: 74/79 MP: 9/11
  6236 | D:7      | Reached **** piety under Okawaru
  6719 | D:8      | Found a sacrificial altar of Ru.
  6801 | D:8      | Found a glowing golden altar of the Shining One.
  6876 | D:8      | Found a burning altar of Makhleb.
  6971 | D:8      | Noticed Maurice
  6983 | D:8      | Killed Maurice
  7210 | D:8      | Reached ***** piety under Okawaru
  7210 | D:8      | Reached skill level 13 in Polearms
  7468 | D:9      | Noticed a two-headed ogre
  7474 | D:9      | Killed a two-headed ogre
  7474 | D:9      | Received a gift from Okawaru
  7611 | D:8      | Reached XP level 11. HP: 41/87 MP: 13/13
  7873 | D:9      | Found a staircase to the Orcish Mines.
  7950 | D:9      | Found a shadowy altar of Dithmenos.
  7974 | D:9      | Found an ornate altar of the Wu Jian Council.
  7980 | D:9      | Found a bloodstained altar of Trog.
  8053 | D:9      | Found a shimmering blue altar of Sif Muna.
  8212 | D:10     | Entered Level 10 of the Dungeon
  8262 | D:10     | Found a flagged portal.
  8268 | Bailey   | Entered a bailey
  8356 | Bailey   | Noticed an orc knight
  8444 | Bailey   | Killed an orc knight
  8444 | Bailey   | Reached skill level 14 in Polearms
  8546 | D:10     | Noticed Fannar
  8774 | D:10     | Noticed a red ugly thing
  8784 | D:10     | Killed a red ugly thing
  8869 | D:10     | Found a staircase to the Lair.
  8939 | D:10     | Killed Fannar
  9214 | D:10     | Noticed an unseen horror
  9219 | D:10     | Killed an unseen horror
  9219 | D:10     | Reached skill level 5 in Invocations
  9408 | Lair:1   | Entered Level 1 of the Lair of Beasts
  9557 | Lair:1   | Reached skill level 10 in Dodging
  9575 | Lair:1   | Received a gift from Okawaru
  9575 | Lair:1   | Reached skill level 15 in Polearms
  9783 | Lair:1   | Reached skill level 5 in Evocations
  9922 | Lair:1   | Reached XP level 12. HP: 95/95 MP: 16/16
 10421 | Lair:2   | Received a gift from Okawaru
 10472 | Lair:2   | Found a staircase to the Shoals.
 10555 | Lair:2   | Found a blossoming altar of Fedhas.
 11524 | Lair:3   | Noticed Gastronok
 11542 | Lair:3   | Killed Gastronok
 11564 | Lair:3   | Noticed a catoblepas
 11610 | Lair:3   | Killed a catoblepas
 11611 | Lair:3   | Reached skill level 16 in Polearms
 11801 | Lair:3   | Reached skill level 10 in Fighting
 12251 | Lair:3   | Reached XP level 13. HP: 101/103 MP: 18/18
 12716 | Lair:4   | Found a transporter.
 12979 | Lair:4   | Noticed a fire dragon
 13128 | Lair:4   | You fall into a shaft and drop 2 floors!
 13128 | Lair:6   | Entered Level 6 of the Lair of Beasts
 13132 | Lair:6   | Reached ****** piety under Okawaru
 13187 | Lair:6   | HP: 5/104 [eight-headed hydra (2)]
 13187 | Lair:6   | HP: 1/104 [eight-headed hydra (4)]
 13188 | Lair:6   | Slain by a four-headed hydra

Levels and vault maps discovered:
D:1:      tarquinn_simple_flora_water_e, layout_rooms, chequers_mini_garden
D:2:      cheibrodos_old_hovel, layout_loops_ring, lemuel_round_altar,
          gammafunk_temple_overflow_pools, uniq_sigmund, uniq_natasha
D:3:      layout_basic, zin_statuary
D:4:      layout_loops_cross, serial_shops, kennysheep_mini, enter_ossuary_3
D:5:      layout_layer_cave, lemuel_crystal_altar, first_ration,
          cheibrodos_sewer_entry_bend, okawaru_gym_becter, uniq_pikel
D:6:      layout_rooms, minmay_temple_entry_crystal_x, serial_shops, shop,
          serial_corexii_hall, corexii_hall_statues_i, chequers_hall_statues_y,
          minmay_joined_circles, uniq_blork_the_orc
D:7:      layout_basic, nicolae_overflow_hidden_temple
D:8:      layout_loops_ring, makhleb_heckhound_becter, marbit_many_paths,
          tso_oasis_becter, uniq_maurice
D:9:      layout_rooms, lemuel_doored_altar,
          chequers_temple_overflow_statue_of_worship, kennysheep_mini_moat,
          orc_0_dummy
D:10:     layout_irregular_city, erik_lair_island, enter_bailey_1,
          grunt_ogre_cave, uniq_fannar
Lair:1:   layout_gridlike, grunt_megastairs_5
Lair:2:   layout_gridlike, elwin_shoals_entry_rocks, minivault_26,
          chequers_serial_rivers_marsh, tgw_fedhas
Lair:3:   minmay_lair_oklob_tunnel, layout_loops_ring, st_stairs_9,
          serial_bayou_shore_b, minmay_lair_oklob_chamber,
          infiniplex_staircase_pool, uniq_gastronok
Lair:4:   gammafunk_cloud_chamber, layout_regular_city,
          nicolae_spider_entry_orb_guardian, bobbens_dragon_lair_wall
Lair:6:   guppyfry_lair_end_dragon, layout_gridlike, hangedman_lair_in_review

Skill      XL: |  1  2  3  4  5  6  7  8  9 10 11 12 13 |
---------------+----------------------------------------+-----
Dodging        | 1 3 4 6 8 9 10 11 | 11.4
Polearms       | 4 5 6 7 8 10 12 13 15 16 | 16.8
Fighting       | 4 5 6 7 8 9 10 | 10.4
Armour         | 3 4 5 6 7 |  7.3
Invocations    | 1 3 5 6 7 |  7.2
Evocations     | 1 3 5 6 |  6.7
Shields        | |  3.0

Action                   |  1- 3 |  4- 6 |  7- 9 | 10-12 | 13-15 || total
-------------------------+-------+-------+-------+-------+-------++-------
Melee: Trident           |    92 |   166 |   504 |    75 |       ||   837
       Spear             |       |       |       |   250 |       ||   250
       Halberd           |       |       |       |   453 |    61 ||   514
       Punch             |       |       |       |     1 |       ||     1
Invok: Heroism           |       |       |     2 |     4 |       ||     6
       Finesse           |       |       |       |     1 |       ||     1
Evoke: Wand              |       |       |     6 |    10 |       ||    16
       Lightning rod     |       |       |       |     4 |       ||     4
  Use: Potion            |     1 |     3 |     3 |     9 |     2 ||    18
       Scroll            |       |       |    15 |    10 |     2 ||    27
 Stab: Confused          |       |       |     3 |       |       ||     3
       Distracted        |       |       |       |     1 |       ||     1
       Invisible         |       |       |       |     9 |     1 ||    10
  Eat: Ration            |       |     1 |     2 |     3 |       ||     6
       Chunk             |       |     2 |     5 |     9 |     4 ||    20
Armor: Scale mail        |    54 |    38 |   136 |       |       ||   228
       Skin              |       |    14 |       |       |       ||    14
       Ice dragon scales |       |       |     8 |   188 |    16 ||   212
       Plate armour      |       |       |       |       |    72 ||    72
Dodge: Dodged            |    26 |    58 |   281 |   389 |    77 ||   831

Table legend:
 A = Non-vault XP
 B = Vault XP
 C = Vault XP percentage of total XP
 D = Non-vault monster count
 E = Vault monster count
 F = Vault count percentage of total count
                 A         B        C        D         E       F
            +---------+---------+-------+---------+---------+-------
      Total |   21779 |   14790 |  40.4 |     270 |     132 |  32.8
            +---------+---------+-------+---------+---------+-------
        D:1 |      37 |       0 |   0.0 |      20 |       0 |   0.0
        D:2 |     123 |     260 |  67.9 |      15 |       3 |  16.7
        D:3 |     146 |       0 |   0.0 |      18 |       0 |   0.0
        D:4 |     502 |       0 |   0.0 |      19 |       0 |   0.0
        D:5 |     761 |     639 |  45.6 |      23 |       3 |  11.5
        D:6 |     620 |     510 |  45.1 |      15 |      13 |  46.4
        D:7 |    1482 |       0 |   0.0 |      21 |       0 |   0.0
        D:8 |    1980 |     559 |  22.0 |      34 |       3 |   8.1
        D:9 |    1892 |       0 |   0.0 |      20 |       0 |   0.0
       D:10 |    3492 |    1854 |  34.7 |      33 |      10 |  23.3
     Lair:1 |    2683 |     196 |   6.8 |       9 |       1 |  10.0
     Lair:2 |    2391 |     290 |  10.8 |      12 |       2 |  14.3
     Lair:3 |    5252 |    8046 |  60.5 |      30 |      18 |  37.5
     Lair:4 |       0 |    1135 | 100.0 |       0 |       5 | 100.0
     Lair:6 |     418 |       0 |   0.0 |       1 |       0 |   0.0
      Sewer |       0 |     323 | 100.0 |       0 |      24 | 100.0
    Ossuary |       0 |     123 | 100.0 |       0 |      16 | 100.0
     Bailey |       0 |     855 | 100.0 |       0 |      34 | 100.0
            +---------+---------+-------+---------+---------+-------
